 Dungeon Sprint DCSS version 0.27-a0-1308-gc08437e49b (webtiles) character file.

Game seed: 5857403303376531639

21 mhtbhm the Digger (level 2, -1/13 HPs)
             Began as a Spriggan Earth Elementalist on June 18, 2021.
             Slain by a jelly (3 damage)
             ... in the Dungeon (Sprint IX: "|||||||||||||||||||||||||||||").
             The game lasted 00:00:41 (314 turns).

mhtbhm the Digger (Spriggan Earth Elementalist)      Turns: 314, Time: 00:00:41

Health: -1/13      AC:  2    Str:  4    XL:     2   Next: 65%
Magic:  0/7        EV: 17    Int: 16    God:
Gold:   0          SH:  0    Dex: 15    Spells: 7/8 levels left

rFire    . . .     SeeInvis +   (weapon restricted)
rCold    . . .     Faith    .   (shield restricted)
rNeg     . . .     Spirit   .   b - +0 robe
rPois    .         Reflect  .   (helmet restricted)
rElec    .         Harm     .   (no cloak)
rCorr    .         Rampage  .   (gloves unavailable)
Will     .....     NoTele   +   (boots unavailable)
Stlth    ++........             (no amulet)
HPRegen  0.04/turn              (no ring)
MPRegen  0.10/turn              (no ring)

@: very quick
A: very small, no large weapons, unfitting armour, see invisible, speed 3
a: no special abilities


You were in the Dungeon.
You visited 1 branch

Inventory:

Missiles
 i - 11 stones
Armour
 b - a +0 robe (worn)
Scrolls
 h - a scroll of blinking
Potions
 c - a potion of curing
 d - a potion of heal wounds
 e - a potion of haste
 f - a potion of magic
 g - a potion of berserk rage


   Skills:
 + Level 3.1 Dodging
 + Level 3.2 Stealth
 + Level 3.6 Spellcasting
 + Level 1.4 Transmutations
 + Level 5.1 Earth Magic


You had 7 spell levels left.
You knew the following spells:

 Your Spells              Type           Power      Damage    Failure   Level
a - Sandblast             Erth           38%        2d10      2%          1

Your spell library contained the following spells:

 Spells                   Type           Power      Damage    Failure   Level
 Passwall                 Tmut/Erth      10%        N/A       7%          2
 Stone Arrow              Conj/Erth      22%        3d8       19%         3
 Petrify                  Tmut/Erth      13%        N/A       41%         4
 Lee's Rapid Deconstruct  Erth           9%         3d8*      52%         5


Dungeon Overview and Level Annotations

Branches:
Dungeon (1/1)

Altars:


Innate Abilities, Weirdness & Mutations

You are very small and have problems with some larger weapons.
You are too small for most types of armour.
You have supernaturally acute eyesight. (SInv)
You cover ground extremely quickly. (Speed+++)


Message History

You see here a ball python skeleton.
There is an open door to the Dungeon here.
As you close the door, it creaks loudly!
Things that are here:
a +0 club; a goblin skeleton
There is a staircase leading out of the dungeon here.
You start resting.
You hear a slurping noise.
The jelly eats the door!
Okay, then.
You aren't carrying any items that you can evoke.
Unknown command.
Casting: Sandblast (safe; 2% risk of failure)
Confirm with . or Enter, or press ? or * to list all spells.
Aiming: Sandblast (safe; 2% risk of failure)
Press: ? - help, Shift-Dir - straight line, f - jelly
Aim: a jelly (100% to hit)
The blast of sand hits the jelly!
The jelly is moderately wounded.
Unknown command.
Casting: Sandblast (safe; 2% risk of failure)
Confirm with . or Enter, or press ? or * to list all spells.
Aiming: Sandblast (safe; 2% risk of failure)
Press: ? - help, Shift-Dir - straight line, f/p - jelly
Aim: a jelly (moderately wounded, 100% to hit)
The blast of sand hits the jelly.
The jelly is severely wounded.
The jelly hits you but does no damage.
Unknown command.
Unknown command.
You hit the jelly.
Your hands burn!
The jelly is severely wounded.
The jelly misses you.
Unknown command.
Okay, then.
You hit the jelly.
Your hands burn!
* * * LOW HITPOINT WARNING * * *
The jelly is almost dead.
The jelly hits you.
You die... ▓▓▓▓▓▓▓▓▓▓▓▓▓▓▓▓▓▓ +....J)†...÷...J@▓ ▓▓▓▓▓▓▓▓▓▓▓▓▓▓▓▓▓▓

You could see a jelly.

Vanquished Creatures
  An adder (D)
  A dart slug (D)
  An orc (D)
  2 ball pythons (D)
  A giant cockroach (D)
  A goblin (D)
  A hobgoblin (D)
  A ball python skeleton (D)
9 creatures vanquished.

Notes
Turn   | Place    | Note
-------+----------+-------------------------------------------
     0 | D        | mhtbhm the Spriggan Earth Elementalist began the quest for
                  | the Orb.
     0 | D        | Reached XP level 1. HP: 9/9 MP: 5/5
     5 | D        | Reached skill level 3 in Earth Magic
    15 | D        | Reached skill level 4 in Earth Magic
   149 | D        | Noticed a jelly
   151 | D        | Reached XP level 2. HP: 13/13 MP: 5/7
   295 | D        | Reached skill level 5 in Earth Magic
   314 | D        | Slain by a jelly

Illustrated notes

Levels and vault maps discovered:
D:        linesprint [early_d, line_temple, items_1, d_10, items_2, lair_1,
          lair_end, items_3, orc_1, orc_end, items_4, d_15, swamp_1, shoals_1,
          snake_1, spider_1, d_20, vaults_1, items_5, swamp_end, shoals_end,
          snake_end, spider_end, vaults_end, d_27, items_6, zot_1, zot_end,
          crypt_end, forest_end, elf_end, slime_end, tomb_end, abyss_end,
          pan_hell_end]

Skill      XL: |  1  2 |
---------------+-------+-----
Earth Magic    | 4 5 |  5.1
Spellcasting   | 3 |  3.6
Dodging        | 3 |  3.1
Stealth        | |  3.2
Transmutations | |  1.4

Action                   || total
-------------------------++-------
Melee: Unarmed           ||     2
 Cast: Sandblast         ||    19
  Use: Potion            ||     1
Armor: Robe              ||     1
Dodge: Dodged            ||    10

Table legend: (Time is in decaauts)
 A = Elapsed time spent in this place.
 B = Non-inter-level travel time spent in this place.
 C = Inter-level travel time spent in this place.
 D = Time resting spent in this place.
 E = Time spent auto-exploring this place.
 F = Levels seen in this place.
 G = Mean time per level.
                   A        B        C        D        E       F      G
               +--------+--------+--------+--------+--------+-----+--------+
         Total |    300 |    300 |      0 |    252 |      3 |   1 |  300.0 |
       Dungeon |    300 |    300 |      0 |    252 |      3 |   1 |  300.0 |
               +--------+--------+--------+--------+--------+-----+--------+

Top non-repeatable levels by time:
       D: 300 daAuts
